 Dungeon Crawl Stone Soup version 0.30.1-3-gfc49f6343a (webtiles) character file.

Game seed: 3848617838367722321

3752 spardeous the Geomancer (level 9, -7/67 HPs)
             Began as a Demigod Earth Elementalist on July 24, 2023.
             Killed from afar by a manticore (19 damage)
             ... with a volley of spikes
             ... on level 8 of the Dungeon.
             The game lasted 00:09:20 (8029 turns).

spardeous the Geomancer (DgEE)                      Turns: 8029, Time: 00:09:21

Health: -7/67      AC:  6    Str:  9    XL:     9   Next: 62%
Magic:  0/22       EV: 11    Int: 29    God:
Gold:   242        SH:  0    Dex: 14    Spells: 16/20 levels left

rFire   + . .        t - +6 sling "Orb Guardian's Peril" {speed, rF+}
rCold   + + .        (no shield)
rNeg    . . .        k - +2 leather armour of Divine Intervention {rC++}
rPois   .            (no helmet)
rElec   .            (no cloak)
rCorr   .            (no gloves)
SInv    +            o - +0 pair of boots
Will    .....        a - amulet of guardian spirit
Stlth   ++           w - ring of see invisible
HPRegen 0.31/turn    B - ring of flight
MPRegen 0.18/turn

%: guardian spirit
@: spiked, flying
A: high MP 1, forlorn, divine attributes
a: no special abilities


You were on level 8 of the Dungeon.
You visited 1 branch of the dungeon, and saw 8 of its levels.

You collected 284 gold pieces.
You spent 42 gold pieces at shops.

Inventory:

Hand Weapons
 n - a +1 falchion of holy wrath
 t - the +6 sling "Orb Guardian's Peril" (weapon) {speed, rF+}
   (You found it on level 4 of the Dungeon)

   rF:        It protects you from fire.
Missiles
 C - a throwing net
Armour
 k - the +2 leather armour of Divine Intervention (worn) {rC++}
   (You found it on level 2 of the Dungeon)

   rC:        It greatly protects you from cold.
 o - a +0 pair of boots (worn)
 D - the +4 scale mail of the Accordion {Str+4 Dex-5 SInv}
   (You found it on level 6 of the Dungeon)

   Str:       It affects your strength (+4).
   Dex:       It affects your dexterity (-5).
   SInv:      It lets you see invisible.
Jewellery
 a - an amulet of guardian spirit (around neck)
 w - a ring of see invisible (left hand)
 B - a ring of flight (right hand)
Wands
 h - a wand of mindburst (10)
 x - a wand of charming (14)
 E - a wand of iceblast (5)
Scrolls
 c - 4 scrolls of magic mapping {unknown}
 f - 7 scrolls of identify {unknown}
 i - 2 scrolls of enchant weapon {unknown}
 j - a scroll of torment {unknown}
 p - a scroll of blinking {unknown}
 q - 2 scrolls of teleportation {unknown}
 r - 3 scrolls of vulnerability {unknown}
 s - a scroll of amnesia {unknown}
 u - 2 scrolls of brand weapon {unknown}
 v - a scroll of silence {unknown}
 y - 2 scrolls of fog {unknown}
Potions
 b - 3 potions of magic
 d - 3 potions of heal wounds {unknown}
 e - 2 potions of degeneration {unknown}
 g - 2 potions of might {unknown}
 l - 6 potions of curing {unknown}
 m - 3 potions of brilliance {unknown}
 z - a potion of resistance {unknown}
 A - 2 potions of invisibility {unknown}


   Skills:
 + Level 2.0 Fighting
 - Level 1.7 Dodging
 - Level 1.7 Stealth
 - Level 6.3 Spellcasting
 - Level 5.4 Conjurations
 - Level 0.8 Transmutations
 - Level 10.0 Earth Magic


You had 16 spell levels left.
You knew the following spells:

 Your Spells              Type           Power      Damage    Failure   Level
a - Sandblast             Erth           100%       2d20      1%          1
b - Stone Arrow           Conj/Erth      100%       3d13      1%          3

Your spell library contained the following spells:

 Spells                   Type           Power      Damage    Failure   Level
 Passwall                 Tmut/Erth      33%        N/A       1%          2
 Petrify                  Tmut/Erth      40%        N/A       9%          4


Dungeon Overview and Level Annotations

Branches:
Dungeon (8/15)             Temple (0/1) D:7
   Lair: D:8-11

Shops:
D:1 *

Annotations:
D:8 2 runed translucent doors


Innate Abilities, Weirdness & Mutations

You have an increased reservoir of magic. (+10% MP)
You shall have no god before yourself.
Your divine heritage dramatically boosts your attributes as you level up.


Message History

Aim: a manticore (lightly wounded, 74% to hit)
You shoot a sling bullet. The sling bullet hits the manticore.
The manticore is moderately wounded.
The manticore flicks its tail.
The volley of spikes hits you!
The barbed spikes become lodged in your body.
* * * LOW HITPOINT WARNING * * *
You take 6 damage, and have 23/67 hp.
You now have 7/22 mp.
Fire: t) +6 sling "Orb Guardian's Peril" {speed, rF+}
Press: ? - help, Shift-Dir - straight line, f/p - manticore
Aim: a manticore (moderately wounded, 74% to hit)
You shoot a sling bullet. The sling bullet hits the manticore.
The manticore is moderately wounded.
The barbs in your skin will harm you if you move.
Continue?
Okay, then.
There are monsters nearby!
Casting: Sandblast (safe; 1% risk of failure)
Confirm with . or Enter, or press ? or * to list all spells.
Aiming: Sandblast (safe; 1% risk of failure)
Press: ? - help, Shift-Dir - straight line, f/p - manticore
Aim: a manticore (moderately wounded, 91% to hit)
The blast of sand hits the manticore!
The manticore is heavily wounded.
The black bear growls angrily.
The manticore flicks its tail.
The volley of spikes hits you!
The barbed spikes become lodged in your body.
* * * LOW HITPOINT WARNING * * *
You take 11 damage, and have 12/67 hp.
You now have 4/22 mp.
A manticore is nearby!
Casting: Sandblast (safe; 1% risk of failure)
Confirm with . or Enter, or press ? or * to list all spells.
Aiming: Sandblast (safe; 1% risk of failure)
Press: ? - help, Shift-Dir - straight line, f/p - manticore
Aim: a manticore (heavily wounded, 91% to hit)
The blast of sand misses the manticore.
The manticore flicks its tail.
The volley of spikes hits you!!
The barbed spikes become lodged in your body.
You die...

################
#..............#
#..............####
#...........)......
#......######.####.
##.@..>.# #)# #.
#.†.)...# #.# #. ##
#H####### #.# #. .#
#h# #.# #. .# .§.
#.####. .# #.###
#...... .# ..
####### .# .~~ # .#
.~~ #####


You could see a manticore and a black bear.

Vanquished Creatures
  A komodo dragon (D:8)
  A meliai (D:8)
  Prince Ribbit (D:5)
  A yak (D:8)
  A steam dragon (D:8)
  Grum (D:8)
  Menkaure (D:7)
  An acid dragon (D:8)
  Duvessa (D:6)
  A water moccasin (D:7)
  2 black bears (D:8)
  An orc warrior (D:8)
  An ice beast (D:8)
  2 wolves (D:8)
  2 centaurs (D:8)
  2 phantoms (D:5)
  2 kobold brigands (D:8)
  A bullfrog (D:8)
  3 scorpions
  2 wights (D:8)
  Dowan (D:6)
  A killer bee (D:8)
  A howler monkey (D:8)
  2 hounds
  2 jellies
  2 orc priests (D:4)
  5 iguanas
  2 sleepcaps (D:8)
  An orc wizard (D:8)
  6 adders
  7 gnolls
  A shadow imp (D:7)
  4 white imps
  An ufetubus (D:5)
  3 worms
  5 dart slugs
  16 orcs
  9 ball pythons
  4 bats (D:1)
  7 endoplasms
  7 giant cockroaches
  13 goblins
  10 hobgoblins
  13 kobolds
  3 quokkas
  4 frilled lizards
  9 rats
167 creatures vanquished.

Vanquished Creatures (others)
  A steam dragon (D:8)
1 creature vanquished.

Grand Total: 168 creatures vanquished

Notes
Turn   | Place    | Note
-------+----------+-------------------------------------------
     0 | D:1      | spardeous the Demigod Earth Elementalist began the quest
                  | for the Orb.
     0 | D:1      | Reached XP level 1. HP: 14/14 MP: 5/5
    22 | D:1      | Reached skill level 3 in Earth Magic
   124 | D:1      | Reached XP level 2. HP: 20/20 MP: 4/7
   720 | D:1      | Reached XP level 3. HP: 26/26 MP: 4/8
   771 | D:1      | Reached skill level 4 in Earth Magic
   796 | D:1      | Found Rauh Rint's Assorted Antiques.
  1508 | D:2      | Reached XP level 4. HP: 33/33 MP: 6/9
  1990 | D:2      | Identified the +2 leather armour of Divine Intervention
                  | {rC++}
  2016 | D:2      | Reached skill level 5 in Earth Magic
  2192 | D:2      | Found the +5 robe of Misfortune {Harm *Corrode *Slow EV+5}
  3543 | D:4      | Reached XP level 5. HP: 26/38 MP: 7/11
  3852 | D:4      | Identified the +6 sling "Orb Guardian's Peril" {speed, rF+}
  4046 | D:4      | Reached XP level 6. HP: 31/45 MP: 8/15
  4662 | D:1      | Bought a scroll labelled FEZUGU BYTA for 21 gold pieces
  4662 | D:1      | Bought a scroll labelled ICIBLUSIUR for 21 gold pieces
  4747 | D:5      | Entered Level 5 of the Dungeon
  4772 | D:5      | Noticed Prince Ribbit
  4778 | D:5      | Killed Prince Ribbit
  4779 | D:5      | Reached skill level 5 in Spellcasting
  4779 | D:5      | Reached XP level 7. HP: 50/50 MP: 13/18
  5614 | D:6      | Identified the +4 scale mail of the Accordion {Str+4 Dex-5
                  | SInv}
  5968 | D:6      | Reached skill level 6 in Earth Magic
  5993 | D:6      | Noticed Dowan
  5995 | D:6      | Noticed Duvessa
  6029 | D:6      | Killed Duvessa
  6040 | D:6      | Killed Dowan
  6311 | D:6      | Reached XP level 8. HP: 57/57 MP: 18/21
  6668 | D:7      | Found a staircase to the Ecumenical Temple.
  6780 | D:7      | Reached skill level 7 in Earth Magic
  6951 | D:7      | Noticed Menkaure
  6955 | D:7      | Killed Menkaure
  7155 | D:6      | Learned a level 3 spell: Stone Arrow
  7267 | D:8      | Reached skill level 8 in Earth Magic
  7289 | D:8      | Noticed a komodo dragon
  7299 | D:8      | Killed a komodo dragon
  7300 | D:8      | Reached skill level 9 in Earth Magic
  7307 | D:8      | Noticed Grum
  7321 | D:8      | Killed Grum
  7324 | D:8      | Reached XP level 9. HP: 58/62 MP: 16/22
  7486 | D:8      | Reached skill level 10 in Earth Magic
  7537 | D:8      | Found a large runed translucent door.
  7538 | D:8      | Found a large runed translucent door.
  7568 | D:8      | Reached skill level 1 in Conjurations
  7639 | D:8      | Noticed a manticore
  7640 | D:8      | Noticed a white ugly thing
  7640 | D:8      | Noticed a tengu conjurer
  7641 | D:8      | Noticed a four-headed hydra
  7913 | D:8      | Reached skill level 5 in Conjurations
  8011 | D:8      | Reached skill level 1 in Fighting
  8029 | D:8      | Killed from afar by a manticore

Illustrated notes

Levels and vault maps discovered:
D:1:      tarquinn_simple_flora_water_b, layout_loops_cross, serial_shops, shop,
          minmay_distorted
D:2:      minmay_razor_zed, layout_loops_corners, basic_altar
D:3:      layout_basic, minmay_strange_pillars, chequers_serial_rivers_micro_c
D:4:      layout_loops_ring, mainiacjoe_overflow_alcove_2, xom_redecorated,
          mainiacjoe_overflow_chevrons
D:5:      layout_gridville, lemuel_round_altar, uniq_prince_ribbit1
D:6:      layout_basic, fedhas_altar_2, old_standard_altar,
          nicolae_overflow_crystal_walls, tso_oasis_becter, patterned_corridor,
          uniq_duvessa
D:7:      layout_basic, chei_slow_surprise, vehumet_crystals,
          minmay_temple_entry_mini_moons, chequers_serial_rivers_small_a,
          uniq_menkaure
D:8:      nzn_winding_woodlands_cross [nzn_winding_woodlands_5x15_concentric,
          nzn_winding_woodlands_5x15_default,
          nzn_winding_woodlands_5x15_pockets, nzn_winding_woodlands_5x15_pool,
          nzn_winding_woodlands_15x15_killbox], layout_basic,
          jmf_multi_god_temple2, grunt_lair_entry_orc_guard_hut, uniq_grum,
          uniq_erica

Skill      XL: |  1  2  3  4  5  6  7  8  9 |
---------------+----------------------------+-----
Earth Magic    | 3 4 5 6 9 10 | 10.0
Spellcasting   | 2 3 5 6 |  6.3
Conjurations   | 5 |  5.4
Fighting       | 2 |  2.0
Dodging        | |  1.7
Stealth        | |  1.7
Transmutations | |  0.8

Action                     |  1- 3 |  4- 6 |  7- 9 || total
---------------------------+-------+-------+-------++-------
  Melee: Unarmed           |     3 |     1 |       ||     4
   Fire: Sling             |       |     5 |   130 ||   135
   Cast: Sandblast         |    59 |    91 |    94 ||   244
         Stone Arrow       |       |       |     3 ||     3
  Evoke: Wand              |       |       |     2 ||     2
 Armour: Robe              |     7 |       |       ||     7
         Leather armour    |       |     8 |    13 ||    21
  Dodge: Dodged            |    14 |    19 |    35 ||    68
